 Dungeon Crawl Stone Soup version 0.31-a0-233-g139696dc86 (webtiles) character file.

Game seed: 10107141192234831500

2839 qw the Skirmisher (level 9, -8/79 HPs)
             Began as a Minotaur Hexslinger on July 9, 2023.
             Was a Follower of Okawaru.
             Mangled by a wyvern (14 damage)
             ... on level 7 of the Dungeon.
             The game lasted 00:02:52 (6796 turns).

qw the Skirmisher (Minotaur Hexslinger)             Turns: 6796, Time: 00:02:52

Health: -8/79      AC: 10    Str: 12    XL:     9   Next: 46%
Magic:  7/9        EV: 17    Int: 10    God:    Okawaru [*.....]
Gold:   323        SH:  0    Dex: 18    Spells: 9/10 levels left

rFire   . . .        Y - +0 arbalest
rCold   . . .        (shield currently unavailable)
rNeg    . . .        b - +3 leather armour
rPois   .            (helmet restricted)
rElec   .            (no cloak)
rCorr   .            g - +2 pair of gloves
SInv    .            (no boots)
Will    .....        e - amulet of faith
Stlth   +++          (no ring)
HPRegen 0.33/turn    (no ring)
MPRegen 0.11/turn

%: faith
@: lethally poisoned (-8 -> -16), heroic
A: horns 2, retaliatory headbutt
a: Renounce Religion, Heroism


You were on level 7 of the Dungeon.
You worshipped Okawaru.
Okawaru was aware of your devotion.
You visited 2 branches of the dungeon, and saw 8 of its levels.
You also visited: Sewer.

You collected 323 gold pieces.


Innate Abilities, Weirdness & Mutations

You have a pair of horns on your head.
You reflexively headbutt those who attack you in melee.


   Skills:
 - Level 7.2(12.2) Fighting
 + Level 11.7(16.7) Ranged Weapons
 - Level 2.0(7.0) Armour
 - Level 5.0(10.0) Dodging
 - Level 1.0 Spellcasting
 - Level 2.0 Hexes
 + Level 1.2 Invocations


You had 9 spell levels left.
You knew the following spells:

 Your Spells              Type           Power      Damage    Failure   Level
a - Slow                  Hex            16%        N/A       19%         1

Your spell library contained the following spells:

 Spells                   Type           Power      Damage    Failure   Level
 Inner Flame              Hex/Fire       2%         N/A       63%         3
 Portal Projectile        Hex/Tloc       4%         N/A       63%         3
 Cause Fear               Hex            2%         N/A       88%         4

Inventory:

Hand Weapons
 Y - a +0 arbalest (weapon)
Armour
 b - a +3 leather armour (worn)
 g - a +2 pair of gloves (worn)
 l - a +2 pair of gloves
Jewellery
 e - an amulet of faith (around neck)
Wands
 a - a wand of digging (7)
Scrolls
 k - a scroll of identify
Potions
 c - a potion of brilliance {unknown}
 d - a potion of haste {unknown}
 f - a potion of cancellation {unknown}
 h - a potion of enlightenment
 i - a potion of mutation {unknown}
 j - a potion of curing {unknown}
 m - a potion of heal wounds {unknown}

Dungeon Overview and Level Annotations

Branches:
Dungeon (7/15)             Temple (1/1) D:6           Sewer (visited)

Altars:
Ashenzari
Elyvilon
Fedhas
Gozag
Hepliaklqana
Kikubaaqudgha
Makhleb
Nemelex Xobeh
Okawaru
Qazlal
Ru
Sif Muna
Trog
Uskayaw
Vehumet
Wu Jian
Xom
Yredelemnul
Zin
The Shining One

Shops:
D:2 [   D:7 ?


Message History

You furiously retaliate!
You headbutt the killer bee. The killer bee stings you. The wyvern misses you.
You shoot a bolt. The bolt misses the killer bee.
You feel sick. The killer bee stings you.
You are more poisoned.
The killer bee poisons you! The killer bee stings you.
The killer bee misses you. You furiously retaliate!
You headbutt the killer bee. The wyvern bites you! The killer bee misses you.
You furiously retaliate!
You headbutt the killer bee! The killer bee barely misses you.
The killer bee closely misses you. You furiously retaliate!
You headbutt the killer bee! You shoot a bolt. The bolt hits the killer bee.
You kill the killer bee!
Okawaru accepts your kill.
You feel very sick. The killer bee stings you.
You are more poisoned.
The killer bee poisons you! The killer bee stings you.
The wyvern barely misses you.
The killer bee stings you but does no damage.
The killer bee closely misses you. You furiously retaliate!
You headbutt the killer bee. The wyvern misses you. The killer bee misses you.
The killer bee closely misses you. You furiously retaliate!
You headbutt the killer bee, but do no damage.
You shoot a bolt. The bolt misses the killer bee.
You feel very sick. The wyvern misses you.
The killer bee completely misses you. The killer bee misses you.
The wyvern misses you. The killer bee barely misses you.
You furiously retaliate!
You headbutt the killer bee!
You kill the killer bee!
Okawaru accepts your kill.
The killer bee stings you but does no damage.
Your Invocations skill increases to level 1!
You shoot a bolt. The bolt hits the killer bee!!
You kill the killer bee!
Okawaru accepts your kill.
You feel very sick. The wyvern bites you!
You die...

#.# #.# #.#
#.. #.# #.##
##.##....#
#.# #..#
##.....###
#.##
##.###..#####
#..##
#...#.##
##..#####).<#
##..####...#
##........#
#@%####....
#.....%.l#
#.###.
#+###.#.##
#.# # ###..
..# ##. .##
.. #. ..


You could see a wyvern.

Vanquished Creatures
  Pikel (D:5)
  Eustachio (D:4)
  A steam dragon (D:6)
  Edmund (D:5)
  2 ice beasts (D:6)
  A sky beast (D:7)
  2 black bears (D:6)
  2 ogres
  3 lemures (D:5)
  3 kobold brigands
  2 bullfrogs (Sewer)
  A gnoll sergeant (D:6)
  A scorpion (D:4)
  6 killer bees (D:7)
  3 orc priests
  A gnoll bouda (D:4)
  2 hounds
  A sleepcap (D:4)
  Ijyb (D:3)
  4 iguanas
  2 orc wizards (D:6)
  Robin (D:2)
  4 gnolls (D:6)
  9 adders
  3 white imps
  2 worms
  4 dart slugs
  15 orcs
  16 ball pythons
  23 endoplasms
  10 giant cockroaches
  7 goblins
  13 hobgoblins
  6 jackals
  9 quokkas
  6 bats
  8 frilled lizards (Sewer)
  16 kobolds
  7 rats
200 creatures vanquished.

Notes
Turn   | Place    | Note
-------+----------+-------------------------------------------
     0 | D:1      | qw the Minotaur Hexslinger began the quest for the Orb.
     0 | D:1      | Reached XP level 1. HP: 16/16 MP: 1/1
     0 | D:1      | 0 ||| qw: Version: 0.3-a-51-g015441d
     0 | D:1      | 0 ||| qw: Game counter: 3905
     0 | D:1      | 0 ||| qw: Melee chars always use a shield: true
     0 | D:1      | 0 ||| qw: God list: Okawaru
     0 | D:1      | 0 ||| qw: Allow faded altars: false
     0 | D:1      | 0 ||| qw: Do Orc after clearing Dungeon:15 true
     0 | D:1      | 0 ||| qw: Do second Lair branch before Depths: true
     0 | D:1      | 0 ||| qw: Lair rune preference: random
     0 | D:1      | 0 ||| qw: Goals: Normal
     0 | D:1      | 0 ||| PLANNING D:1-11
    23 | D:1      | 23 ||| FLEEEEING.
    90 | D:1      | Reached skill level 3 in Ranged Weapons
    90 | D:1      | Reached XP level 2. HP: 19/23 MP: 2/2
   400 | D:1      | Reached XP level 3. HP: 29/29 MP: 3/3
   697 | D:1      | 697 ||| READING scroll labelled PEEDIR RINIE.
   698 | D:1      | 698 ||| READING 2 scrolls labelled XIX TAOKORADAU.
   699 | D:1      | 699 ||| READING scroll labelled PIYRGH BE HATSA.
   700 | D:1      | 700 ||| DROPPING scroll of poison.
   701 | D:1      | 701 ||| DROPPING scroll of noise.
   899 | D:2      | Reached skill level 4 in Ranged Weapons
  1008 | D:2      | Found Huiwein's Antique Armour Boutique.
  1019 | D:2      | 1019 ||| SHOPLISTING glowing leather armour (120 gold, have
                  | 80).
  1217 | D:2      | Reached XP level 4. HP: 36/36 MP: 4/4
  1379 | D:2      | Noticed Robin
  1394 | D:2      | Killed Robin
  1395 | D:2      | 1395 ||| FLEEEEING.
  1396 | D:2      | 1396 ||| FLEEEEING.
  1397 | D:2      | 1397 ||| FLEEEEING.
  1398 | D:2      | 1398 ||| FLEEEEING.
  1399 | D:2      | 1399 ||| FLEEEEING.
  1400 | D:2      | 1400 ||| FLEEEEING.
  1401 | D:2      | 1401 ||| FLEEEEING.
  1402 | D:2      | 1402 ||| FLEEEEING.
  1403 | D:2      | 1403 ||| FLEEEEING.
  1404 | D:2      | 1404 ||| FLEEEEING.
  1405 | D:2      | 1405 ||| FLEEEEING.
  1406 | D:2      | 1406 ||| FLEEEEING.
  1407 | D:2      | 1407 ||| FLEEEEING.
  1408 | D:2      | 1408 ||| FLEEEEING.
  1409 | D:2      | 1409 ||| FLEEEEING.
  1410 | D:2      | 1410 ||| FLEEEEING.
  1411 | D:2      | 1411 ||| FLEEEEING.
  1412 | D:2      | 1412 ||| FLEEEEING.
  1413 | D:2      | 1413 ||| FLEEEEING.
  1414 | D:2      | 1414 ||| FLEEEEING.
  1415 | D:2      | 1415 ||| FLEEEEING.
  1416 | D:2      | 1416 ||| FLEEEEING.
  1417 | D:2      | 1417 ||| FLEEEEING.
  1418 | D:2      | 1418 ||| FLEEEEING.
  1419 | D:2      | 1419 ||| STAIRDANCE
  1442 | D:1      | 1442 ||| UPGRADING to +3 leather armour.
  1452 | D:1      | 1452 ||| DROPPING +0 robe.
  1453 | D:1      | 1453 ||| DROPPING +0 ring mail.
  1454 | D:1      | 1454 ||| READING scroll labelled XUMI LEFUEMOVE.
  1455 | D:1      | 1455 ||| READING 2 scrolls labelled OLIQOKK VARPHE.
  1456 | D:1      | 1456 ||| READING scroll of enchant weapon.
  1456 | D:1      | 1456 ||| ENCHANTING +2 sling.
  1461 | D:2      | 1461 ||| STAIRDANCE
  1584 | D:3      | Found a blossoming altar of Fedhas.
  1585 | D:3      | 1585 ||| PLANNING SEWER
  1619 | D:3      | Reached skill level 5 in Ranged Weapons
  1628 | D:3      | Noticed Ijyb
  1646 | D:3      | HP: 6/36 [Ijyb/puff of flame (7)]
  1647 | D:3      | Killed Ijyb
  1915 | D:3      | Reached skill level 3 in Fighting
  1927 | D:3      | 1927 ||| READING scroll of enchant weapon.
  1927 | D:3      | 1927 ||| ENCHANTING +3 sling.
  1955 | D:3      | Found a glowing drain.
  1959 | D:3      | 1959 ||| Stepping ~*~*~tactically~*~*~ (water).
  1971 | Sewer    | Entered a sewer
  2016 | Sewer    | 2016 ||| Stepping ~*~*~tactically~*~*~ (water).
  2023 | Sewer    | Reached XP level 5. HP: 45/45 MP: 5/5
  2028 | Sewer    | 2028 ||| Stepping ~*~*~tactically~*~*~ (water).
  2045 | Sewer    | 2045 ||| Stepping ~*~*~tactically~*~*~ (water).
  2053 | Sewer    | 2053 ||| Stepping ~*~*~tactically~*~*~ (water).
  2097 | Sewer    | 2097 ||| Stepping ~*~*~tactically~*~*~ (water).
  2117 | Sewer    | 2117 ||| Stepping ~*~*~tactically~*~*~ (water).
  2130 | Sewer    | 2130 ||| Stepping ~*~*~tactically~*~*~ (water).
  2136 | Sewer    | 2136 ||| Stepping ~*~*~tactically~*~*~ (water).
  2154 | Sewer    | 2154 ||| Stepping ~*~*~tactically~*~*~ (water).
  2157 | Sewer    | 2157 ||| Stepping ~*~*~tactically~*~*~ (water).
  2193 | Sewer    | 2193 ||| Stepping ~*~*~tactically~*~*~ (water).
  2195 | Sewer    | 2195 ||| Stepping ~*~*~tactically~*~*~ (water).
  2205 | Sewer    | Reached skill level 6 in Ranged Weapons
  2214 | Sewer    | Reached XP level 6. HP: 15/52 MP: 6/6
  2369 | D:3      | 2369 ||| PLANNING D:1-11
  2477 | D:3      | 2477 ||| Stepping ~*~*~tactically~*~*~ (outnumbered).
  2772 | D:3      | 2772 ||| READING scroll labelled KUSCHA KYKH.
  2773 | D:3      | 2773 ||| READING scroll labelled VONGUOMP XEFYSAK.
  2798 | D:4      | Noticed Eustachio
  2825 | D:4      | Killed Eustachio
  2826 | D:4      | Reached skill level 7 in Ranged Weapons
  3047 | D:4      | Reached XP level 7. HP: 24/59 MP: 7/7
  3240 | D:4      | You fall into a shaft and drop 1 floor!
  3240 | D:5      | Entered Level 5 of the Dungeon
  3265 | D:5      | Reached skill level 8 in Ranged Weapons
  3527 | D:4      | 3527 ||| SWAPPING to +0 arbalest.
  3529 | D:4      | 3529 ||| DROPPING +4 sling.
  3799 | D:4      | Reached skill level 3 in Dodging
  3809 | D:4      | Reached skill level 1 in Armour
  3878 | D:4      | 3878 ||| UPGRADING to +2 pair of gloves.
  4002 | D:4      | Found a glowing golden altar of the Shining One.
  4354 | D:4      | 4354 ||| UPGRADING to amulet of faith.
  4359 | D:4      | 4359 ||| DRINKING 2 fizzy blue potions.
  4394 | D:5      | Identified the +3 chain mail "Waniweob" {Dex+4 Slay+3}
  4408 | D:5      | Found a shimmering altar of Xom.
  4411 | D:5      | Found a shimmering altar of Xom.
  4412 | D:5      | Found a shimmering altar of Xom.
  4412 | D:5      | Found a shimmering altar of Xom.
  4414 | D:5      | Found a shimmering altar of Xom.
  4414 | D:5      | Found a shimmering altar of Xom.
  4427 | D:5      | Found a shimmering altar of Xom.
  4470 | D:5      | Noticed Edmund
  4482 | D:5      | Killed Edmund
  4484 | D:5      | HP: 13/61 [poisoned by Edmund]
  4488 | D:5      | HP: 6/61 [poisoned by Edmund]
  4493 | D:5      | HP: 2/61 [poisoned by Edmund]
  4734 | D:5      | Noticed Pikel
  4747 | D:5      | Killed Pikel
  4748 | D:5      | Reached skill level 10 in Ranged Weapons
  4748 | D:5      | Reached XP level 8. HP: 54/68 MP: 8/8
  5192 | D:5      | 5192 ||| DROPPING +2 robe of willpower.
  5193 | D:5      | 5193 ||| READING scroll labelled DOENER ATSOTZE.
  5194 | D:5      | 5194 ||| READING scroll labelled YRHISAGUJE.
  5256 | D:6      | Reached skill level 6 in Fighting
  5294 | D:6      | 5294 ||| FLEEEEING.
  5295 | D:6      | 5295 ||| STAIRDANCE
  5421 | D:6      | Reached XP level 9. HP: 51/79 MP: 9/9
  5421 | D:6      | 5421 ||| Stepping ~*~*~tactically~*~*~ (cloud).
  5422 | D:6      | 5422 ||| Stepping ~*~*~tactically~*~*~ (cloud).
  5617 | D:6      | 5617 ||| Stepping ~*~*~tactically~*~*~ (outnumbered).
  5678 | D:6      | 5678 ||| FLEEEEING.
  5685 | D:6      | 5685 ||| STAIRDANCE
  5727 | D:5      | 5727 ||| DRINKING 2 silvery potions.
  5728 | D:5      | 5728 ||| DROPPING potion of attraction.
  5838 | D:6      | Found a staircase to the Ecumenical Temple.
  5839 | D:6      | 5839 ||| PLANNING TEMPLE
  5847 | Temple   | Entered the Ecumenical Temple
  5862 | Temple   | 5862 ||| PLANNING OKAWARU WORSHIP
  5895 | Temple   | Became a worshipper of Warmaster Okawaru
  5896 | Temple   | 5896 ||| PLANNING D:1-11
  6040 | D:6      | Reached skill level 11 in Ranged Weapons
  6092 | D:6      | Found a basalt altar of Yredelemnul.
  6095 | D:6      | Found a sacrificial altar of Ru.
  6100 | D:6      | Found a radiant altar of Vehumet.
  6100 | D:6      | Found an ornate altar of the Wu Jian Council.
  6109 | D:6      | Found a bloodstained altar of Trog.
  6144 | D:6      | Found a shimmering blue altar of Sif Muna.
  6315 | D:6      | 6315 ||| READING scroll labelled NUENUOTI FYUNN.
  6430 | D:6      | 6430 ||| READING scroll labelled SAWOET IHOREIG.
  6557 | D:7      | 6557 ||| STAIRDANCE
  6591 | D:7      | 6591 ||| STAIRDANCE
  6649 | D:7      | Found Sageggus's Magic Scroll Shop.
  6664 | D:7      | 6664 ||| Stepping ~*~*~tactically~*~*~ (outnumbered).
  6666 | D:7      | 6666 ||| Stepping ~*~*~tactically~*~*~ (outnumbered).
  6788 | D:7      | Reached * piety under Okawaru
  6791 | D:7      | 6791 ||| INVOKING Heroism.
  6794 | D:7      | HP: 17/79 [killer bee (4)]
  6796 | D:7      | Reached skill level 1 in Invocations
  6796 | D:7      | HP: 6/79 [poisoned by a killer bee]
  6796 | D:7      | Mangled by a wyvern

Levels and vault maps discovered:
D:1:      dpeg_arrival_simpleton_b, layout_basic
D:2:      layout_loops_ring, serial_shops, shop, grunt_ministairs_4, uniq_robin
D:3:      layout_loops_cross, fedhas_altar_3, cheibrodos_sewer_entry_bend,
          uniq_ijyb
D:4:      minmay_skewed_foursquare, layout_cave_pods,
          mainiacjoe_overflow_tiny_flanked, minmay_misc_feat_ornament,
          uniq_eustachio
D:5:      layout_gridville, nicolae_xom_altar_mimics, uniq_edmund, uniq_pikel
D:6:      layout_cave_pods, mainiacjoe_overflow_paths,
          nicolae_overflow_hallway_of_the_gods,
          minmay_temple_entry_statues_fountains, st_stairs_5
D:7:      layout_rooms, cheibrodos_worm_habitat, serial_shops,
          nicolae_take_the_stairs, nicolae_wooded_promenade,
          hangedman_decor_diamond_cutter, kennysheep_flooded_box
Temple:   hellmonk_temple_of_storms

Skill      XL: |  1  2  3  4  5  6  7  8  9 |
---------------+----------------------------+-----
Ranged Weapons | 3 4 5 6 7 10 11 | 11.7
Fighting       | 2 3 4 5 7 |  7.2
Dodging        | 3 4 5 |  5.0
Armour         | 1 2 |  2.0
Invocations    | 1 |  1.2
Spellcasting   | |  1.0
Hexes          | |  2.0

Action                     |  1- 3 |  4- 6 |  7- 9 || total
---------------------------+-------+-------+-------++-------
   Fire: Sling             |   113 |   248 |    19 ||   380
         Arbalest          |       |       |   199 ||   199
 Invoke: Heroism           |       |       |     1 ||     1
    Use: Scroll            |     3 |     6 |     4 ||    13
         Potion            |       |       |     2 ||     2
 Armour: Robe              |     5 |     1 |       ||     6
         Leather armour    |       |    54 |    32 ||    86
  Dodge: Dodged            |    15 |   114 |   124 ||   253

Table legend:
 A = Non-vault XP
 B = Vault XP
 C = Vault XP percentage of total XP
 D = Non-vault monster count
 E = Vault monster count
 F = Vault count percentage of total count
                 A         B        C        D         E       F
            +---------+---------+-------+---------+---------+-------
      Total |    2533 |    1586 |  38.5 |     134 |      63 |  32.0
            +---------+---------+-------+---------+---------+-------
        D:1 |      50 |       4 |   7.4 |      25 |       2 |   7.4
        D:2 |      52 |      30 |  36.6 |      16 |       9 |  36.0
        D:3 |      71 |      40 |  36.0 |      15 |       2 |  11.8
        D:4 |     363 |     279 |  43.5 |      21 |       5 |  19.2
        D:5 |     133 |     805 |  85.8 |      12 |       2 |  14.3
        D:6 |    1138 |     178 |  13.5 |      26 |       3 |  10.3
        D:7 |     726 |       0 |   0.0 |      19 |       0 |   0.0
      Sewer |       0 |     250 | 100.0 |       0 |      40 | 100.0
            +---------+---------+-------+---------+---------+-------
